 Dungeon Sprint DCSS version 0.30.1 (webtiles) character file.

Game seed: 4112555421653036726

1073 BreadTh the Fighter (level 8, 0/89 HPs)
             Began as a Hill Orc Berserker on July 11, 2023.
             Was a Priest of Trog.
             Slain by a demonic crawler (10 damage)
             ... in the Dungeon (Sprint I: "Red Sonja").
             The game lasted 00:04:35 (488 turns).

BreadTh the Fighter (Hill Orc Berserker)             Turns: 488, Time: 00:04:35

Health: 0/89       AC:  3    Str: 20    XL:     8   Next: 29%
Magic:  8/8        EV: 13    Int:  7    God:    Trog [***...]
Gold:   405        SH:  0    Dex: 12    Spells: 7/7 levels left

rFire   . . .        a - +0 hand axe
rCold   . . .        (no shield)
rNeg    . . .        j - +0 leather armour
rPois   .            (no helmet)
rElec   .            (no cloak)
rCorr   .            (no gloves)
SInv    .            (no boots)
Will    .....        (no amulet)
Stlth   +            (no ring)
HPRegen 0.34/turn    (no ring)
MPRegen 0.11/turn

%: no teleportation
@: on berserk cooldown, slowed, very slow
A: no striking features
a: Renounce Religion, Berserk, Trog's Hand


You were in the Dungeon.
You worshipped Trog.
Trog was most pleased with you.
You visited 1 branch You collected 405 gold pieces.

Inventory:

Hand Weapons
 a - a +0 hand axe (weapon)
 k - a +1 dagger of draining
Missiles
 l - 9 stones (quivered)
Armour
 j - a +0 leather armour (worn)
Wands
 i - a wand of mindburst (5)
Scrolls
 h - a scroll of blinking
Potions
 b - a potion of degeneration {unknown}
 c - a potion of curing
 d - a potion of heal wounds
 e - a potion of haste
 f - 2 potions of magic
 g - a potion of berserk rage


   Skills:
 + Level 14.2 Fighting
 - Level 14.0 Axes
 + Level 7.1 Armour
 + Level 5.0 Dodging


You had 7 spell levels left.
You didn't know any spells.
Your spell library was empty.

Dungeon Overview and Level Annotations

Branches:
Dungeon (1/1)

Altars:
Makhleb
Sif Muna
Vehumet
Wu Jian
Xom
Jiyva
Lugonu


Message History

You feel yourself moving faster!
You feel mighty!
You slash the demonic crawler!
The demonic crawler is lightly wounded.
You hit the demonic crawler but do no damage.
You barely miss the demonic crawler. You hit the demonic crawler.
The demonic crawler misses you. The demonic crawler barely misses you.
The demonic crawler hits you! The demonic crawler misses you.
The demonic crawler hits you! The demonic crawler hits you.
You hit the demonic crawler.
The demonic crawler is lightly wounded.
You hit the demonic crawler. You slash the demonic crawler!
The demonic crawler is moderately wounded.
You hit the demonic crawler but do no damage.
The demonic crawler barely misses you.
The demonic crawler hits you but does no damage.
The demonic crawler hits you! The demonic crawler hits you.
The demonic crawler hits you!
* * * LOW HITPOINT WARNING * * *
The demonic crawler hits you!
* * * LOW HITPOINT WARNING * * *
You hit the demonic crawler.
The demonic crawler is moderately wounded.
You slash the demonic crawler! The demonic crawler hits you.
* * * LOW HITPOINT WARNING * * *
The demonic crawler completely misses you.
The demonic crawler closely misses you.
You feel a strong urge to attack something.
There is a broken door here.
You feel your anger nearly subside.
You are no longer berserk.
You are exhausted.
You feel yourself slow down.
It's broken and can't be closed.
The demonic crawler attacks as you move away!
The demonic crawler hits you but does no damage.
The demonic crawler misses you. x2; The demonic crawler hits you.
* * * LOW HITPOINT WARNING * * *
The demonic crawler hits you!
You die...

#######################
#)[').#..'..#__#..ss..#
'..#..'..#..'..)@s#..s##+#
#####'#####'#__####...'..#
# #..#...#[#### #####..+ #
####..##.# ## # ##'#_.+ #
+..._# # #_.#+# ##+#


You could see 3 demonic crawlers.

Vanquished Creatures
  2 kobold demonologists (D)
  A slime creature (D)
  Sigmund (D)
  A floating eye (D)
  An ogre (D)
  A jelly (D)
  Ijyb (D)
8 creatures vanquished.

Notes
Turn   | Place    | Note
-------+----------+-------------------------------------------
     0 | D        | BreadTh the Hill Orc Berserker began the quest for the Orb.
     0 | D        | Reached XP level 1. HP: 19/19 MP: 1/1
     1 | D        | Noticed Ijyb
    10 | D        | Killed Ijyb
    11 | D        | Reached skill level 5 in Fighting
    11 | D        | Reached XP level 2. HP: 18/30 MP: 2/2
    11 | D        | Reached XP level 3. HP: 22/37 MP: 3/3
    86 | D        | Noticed an ogre
    93 | D        | Killed an ogre
    94 | D        | Reached XP level 4. HP: 47/47 MP: 4/4
   116 | D        | Noticed Sigmund
   136 | D        | Killed Sigmund
   136 | D        | Reached ** piety under Trog
   137 | D        | Reached XP level 5. HP: 57/57 MP: 5/5
   137 | D        | Reached XP level 6. HP: 64/64 MP: 6/6
   214 | D        | Found an ornate altar of the Wu Jian Council.
   214 | D        | Found a shimmering blue altar of Sif Muna.
   216 | D        | Found a radiant altar of Vehumet.
   314 | D        | Found a viscous altar of Jiyva.
   314 | D        | Found a corrupted altar of Lugonu.
   314 | D        | Noticed a slime creature
   315 | D        | Found a burning altar of Makhleb.
   315 | D        | Found a shimmering altar of Xom.
   323 | D        | Killed a slime creature
   324 | D        | Reached XP level 7. HP: 77/77 MP: 7/7
   400 | D        | Noticed a kobold demonologist
   400 | D        | Noticed a kobold demonologist
   403 | D        | Noticed a red devil
   403 | D        | Paralysed by a floating eye for 3 turns
   417 | D        | Noticed a chaos spawn
   417 | D        | Killed a kobold demonologist
   417 | D        | Reached *** piety under Trog
   423 | D        | Killed a kobold demonologist
   424 | D        | Reached skill level 5 in Dodging
   424 | D        | Reached XP level 8. HP: 89/89 MP: 4/8
   477 | D        | Noticed a demonic crawler
   477 | D        | Noticed a demonic crawler
   477 | D        | Noticed a demonic crawler
   477 | D        | Noticed a demonic crawler
   488 | D        | Slain by a demonic crawler

Illustrated notes

Levels and vault maps discovered:
D:        dungeon_sprint_1 [red_sonja_temple_1, red_sonja_temple_small_1]

Skill      XL: |  1  2  3  4  5  6  7 |
---------------+----------------------+-----
Fighting       | 5 7 9 12 14 | 14.2
Axes           | 6 9 13 14 | 14.0
Dodging        | 2 5 |  5.0
Armour         | 7 |  7.1

Action                     |  1- 3 |  4- 6 |  7- 9 || total
---------------------------+-------+-------+-------++-------
  Melee: Hand axe          |    14 |    18 |    19 ||    51
 Invoke: Berserk           |     2 |     2 |     2 ||     6
 Armour: Leather armour    |       |       |     2 ||     2
  Dodge: Dodged            |     2 |     3 |    10 ||    15
